 Dungeon Crawl Stone Soup version 0.30-a0-371-gad7725a93e (webtiles) character file.

Game seed: 14149779739865471780

587 bande the Chopper (level 7, -5/44 HPs)
             Began as a Gargoyle Fighter on Nov 23, 2022.
             Slain by an iguana (6 damage)
             ... on level 5 of the Dungeon.
             The game lasted 00:05:17 (2565 turns).

bande the Chopper (Gargoyle Fighter)                Turns: 2565, Time: 00:05:17

Health: -5/44      AC: 15    Str: 20    XL:     7   Next: 38%
Magic:  7/7        EV:  9    Int:  8    God:
Gold:   209        SH:  4    Dex: 11    Spells: 6/6 levels left

rFire   . . .      SeeInvis .    a - +0 war axe
rCold   . . .      Faith    .    c - +0 buckler
rNeg    + . .      Spirit   .    b - +0 scale mail
rPois   ∞          Reflect  .    f - +0 helmet
rElec   +          Harm     .    (no cloak)
rCorr   .          Rampage  .    (no gloves)
Will    .....                    h - +1 pair of boots
Stlth   ..........               i - amulet of regeneration
HPRegen 1.07/turn                n - ring of flight
MPRegen 0.10/turn                (no ring)

@: mighty, flying
A: sickness immunity, AC +4, negative energy resistance 1, electricity
resistance, torment resistance 1, petrification resistance
a: no special abilities


You were on level 5 of the Dungeon.
You visited 1 branch of the dungeon, and saw 5 of its levels.

You collected 209 gold pieces.

Inventory:

Hand Weapons
 a - a +0 war axe (weapon)
Armour
 b - a +0 scale mail (worn)
 c - a +0 buckler (worn)
 f - a +0 helmet (worn)
 h - a +1 pair of boots (worn)
Jewellery
 i - an amulet of regeneration (around neck)
 n - a ring of flight (left hand)
 o - an amulet of magic regeneration
Scrolls
 k - a scroll of amnesia
 p - a scroll of teleportation
Potions
 d - 2 potions of might
 e - a potion of mutation
 g - 3 potions of curing
 j - 2 potions of degeneration {unknown}
 m - a potion of flight {unknown}


   Skills:
 + Level 4.7 Fighting
 + Level 5.4 Axes
 + Level 4.8 Armour
 + Level 4.3 Shields


You had 6 spell levels left.
You didn't know any spells.
Your spell library contained the following spells:

 Spells                   Type           Power      Damage    Failure   Level
 Gell's Gravitas          Tloc           0%         N/A       99%         3
 Lesser Beckoning         Tloc           0%         N/A       99%         3
 Teleport Other           Tloc           0%         N/A       99%         3


Dungeon Overview and Level Annotations

Branches:
Dungeon (5/15)
 Temple: D:4-7

Altars:
Sif Muna

Shops:
D:1 (


Innate Abilities, Weirdness & Mutations

You are immune to sickness and miasma.
Your stone body is resilient. (AC +4)
You are immune to poison.
You resist negative energy. (rN+)
You are resistant to electric shocks. (rElec)
You are resistant to unholy torment.
You are immune to petrification.


Message History

The iguana barely misses you.
You hit the ogre.
The ogre is severely wounded.
You hit the iguana but do no damage. You hit the dart slug but do no damage.
The iguana barely misses you. The dart slug bites you.
* * * LOW HITPOINT WARNING * * *
The ogre hits you with a +0 giant club!
* * * LOW HITPOINT WARNING * * *
The iguana closely misses you.
You feel better. You block the dart slug's attack.
The iguana barely misses you. The ogre barely misses you.
You feel very mighty all of a sudden. The dart slug launches a dart at you.
The slug dart hits you but does no damage.
The iguana closely misses you.
You hit the ogre.
The ogre is almost dead.
You hit the dart slug.
You kill the dart slug!
You hit the iguana. The ogre hits you with a +0 giant club!
* * * LOW HITPOINT WARNING * * *
The iguana bites you!
* * * LOW HITPOINT WARNING * * *
Unknown command.
You slice the ogre!!
You kill the ogre!
You hit the iguana. You block the iguana's attack.
You are no longer corroded.
The iguana barely misses you.
You see here a +0 giant club.
You hit the iguana.
The iguana is almost dead.
The iguana bites you.
* * * LOW HITPOINT WARNING * * *
You barely miss the iguana.
The iguana is almost dead.
The iguana bites you.
* * * LOW HITPOINT WARNING * * *
The iguana bites you.
You die...

#..# #............
....####............
#.................
#..##...........
#.###.[.....# #.
#<.<........#..#
#.....!......#..
#.......).†......
#.......@l....####
#...........#....#
............##>.....
#..#..........#.......
#.....>.......##....!.
##..........### ......
.........### ....
.....


You could see an iguana.

Vanquished Creatures
  An ogre (D:5)
  A scorpion (D:4)
  A hound (D:4)
  2 orc priests
  3 jellies
  An iguana (D:4)
  Terence (D:3)
  Natasha (thrice) (D:2)
  4 adders
  8 dart slugs
  6 orcs
  7 endoplasms
  4 giant cockroaches
  6 goblins
  5 hobgoblins
  8 jackals (D:4)
  5 kobolds
  6 quokkas
  3 ball pythons
  5 bats
  5 frilled lizards
  7 rats
92 creatures vanquished.

Vanquished Creatures (others)
  7 demonic plants (D:3)
7 creatures vanquished.

Grand Total: 99 creatures vanquished

Notes
Turn   | Place    | Note
-------+----------+-------------------------------------------
     0 | D:1      | bande the Gargoyle Fighter began the quest for the Orb.
     0 | D:1      | Reached XP level 1. HP: 14/14 MP: 1/1
    25 | D:1      | Found Bonaot's Antique Weapon Boutique.
    86 | D:1      | Reached XP level 2. HP: 19/19 MP: 2/2
   156 | D:1      | Reached skill level 2 in Axes
   266 | D:1      | Reached XP level 3. HP: 24/24 MP: 3/3
   289 | D:1      | Found a faded altar of an unknown god.
   635 | D:2      | Noticed Natasha
   645 | D:2      | Killed Natasha
   646 | D:2      | Reached XP level 4. HP: 12/29 MP: 4/4
   698 | D:2      | Noticed Natasha
   718 | D:2      | Killed Natasha
   727 | D:2      | Noticed Natasha
   741 | D:2      | Killed Natasha
   742 | D:2      | Reached skill level 3 in Axes
   742 | D:2      | Reached XP level 5. HP: 33/33 MP: 5/5
  1466 | D:3      | Noticed Terence
  1478 | D:3      | Killed Terence
  1709 | D:3      | Found a shimmering blue altar of Sif Muna.
  1935 | D:4      | Reached XP level 6. HP: 37/39 MP: 6/6
  2029 | D:4      | Reached skill level 4 in Axes
  2351 | D:4      | Reached XP level 7. HP: 44/44 MP: 7/7
  2373 | D:4      | Reached skill level 5 in Axes
  2539 | D:5      | Entered Level 5 of the Dungeon
  2560 | D:5      | HP: 1/44 [iguana (9)]
  2565 | D:5      | HP: 1/44 [iguana (5)]
  2565 | D:5      | Slain by an iguana

Illustrated notes

Levels and vault maps discovered:
D:1:      lightli_arrival_maybe_door_vault, layout_rooms, serial_shops,
          nicolae_shop_crystal, hellmonk_ecumenical_altar_defaced_shrine,
          nrook_mini_vaults
D:2:      layout_loops_ring, uniq_natasha
D:3:      layout_basic, overflow_temple_1_default, grunt_decor_cap,
          dreamdust_princess_corridor, uniq_terence
D:4:      minmay_chambers_of_threes, layout_cave_pools,
          hangedman_decor_slide_cut, minmay_misc_feat_more_columns
D:5:      layout_cave_pools, kennysheep_mini, kennysheep_mini_moat,
          serial_shops, nicolae_shop_hallway_plus, hangedman_feature_mirror,
          minmay_manual_moon, uniq_edmund, uniq_duvessa

Skill      XL: |  1  2  3  4  5  6  7 |
---------------+----------------------+-----
Axes           | 2 3 4 5 |  5.4
Fighting       | 4 |  4.7
Armour         | 4 |  4.8
Shields        | 4 |  4.3

Action                   |  1- 3 |  4- 6 |  7- 9 || total
-------------------------+-------+-------+-------++-------
Melee: War axe           |    87 |   194 |    19 ||   300
  Use: Scroll            |     1 |     6 |     3 ||    10
       Potion            |       |       |     2 ||     2
Armor: Scale mail        |    54 |   130 |    10 ||   194
Dodge: Dodged            |    34 |   101 |    17 ||   152
Block: Buckler           |    21 |    59 |     6 ||    86

Table legend: (Time is in decaauts)
 A = Elapsed time spent in this place.
 B = Non-inter-level travel time spent in this place.
 C = Inter-level travel time spent in this place.
 D = Time resting spent in this place.
 E = Time spent auto-exploring this place.
 F = Levels seen in this place.
 G = Mean time per level.
                   A        B        C        D        E       F      G
               +--------+--------+--------+--------+--------+-----+--------+
         Total |   2684 |   2622 |     62 |    141 |   1727 |   5 |  536.8 |
       Dungeon |   2684 |   2622 |     62 |    141 |   1727 |   5 |  536.8 |
               +--------+--------+--------+--------+--------+-----+--------+

Top non-repeatable levels by time:
     D:2: 692 daAuts
     D:4: 690 daAuts
     D:3: 646 daAuts
     D:1: 625 daAuts
     D:5: 29 daAuts
